 Dungeon Crawl Stone Soup version 0.14-a0-59-gd5eeb80 (webtiles) character file.

241 JacquesDerrida the Shooter (level 4, -2/26 HPs)
             Began as a Tengu Hunter on Sept 30, 2013.
             Slain by an orc wizard
             ... wielding a +0,+1 orcish dagger
              (5 damage)
             ... on Level 3 of the Dungeon.
             The game lasted 00:04:29 (2551 turns).

JacquesDerrida the Shooter (Tengu Hunter)           Turns: 2551, Time: 00:04:30

HP  -2/26        AC  4     Str 13      XL: 4   Next: 98%
MP   4/4         EV 17     Int 17      God:
Gold 127         SH  0     Dex 21      Spells:  0 memorised,  3 levels left

Res.Fire  : . . .   See Invis. : .   b - +1 bow
Res.Cold  : . . .   Warding    : .   u - +0 orc leather armour
Life Prot.: . . .   Conserve   : .   (no shield)
Res.Poison: .       Res.Corr.  : .   (helmet restricted)
Res.Elec. : .       Clarity    : .   (no cloak)
Sust.Abil.: . .     Spirit.Shd : .   p - +0 pair of gauntlets
Res.Mut.  : .       Stasis     : .   (boots unavailable)
Res.Rott. : .       Flight     : .   (no amulet)
Saprovore : . . .                    (no ring)
                                     v - +2 ring of dexterity

@: brilliant, agile, slowed, very slow, slightly resistant to hostile
enchantments, stealthy
A: beak, talons 3
a: no special abilities


You were on level 3 of the Dungeon.
You were very hungry.

You visited 1 branch of the dungeon, and saw 3 of its levels.

You collected 107 gold pieces.

Inventory:

Hand weapons
 a - a +0,+0 short sword
 b - a +1,+1 bow (weapon)
Missiles
 c - 8 arrows (quivered)
 i - 18 poisoned needles
 q - 2 javelins of penetration
Armour
 d - a +0 leather armour
 p - a +0 pair of gauntlets (worn)
 u - a +0 orcish leather armour (worn)
Comestibles
 f - 2 bread rations
 g - an apple
 l - a meat ration
 o - a banana
Scrolls
 e - 4 scrolls of identify {unknown}
 j - a scroll of fear {unknown}
 k - 2 scrolls of teleportation {unknown}
 m - a scroll of curse jewellery {unknown}
 r - a scroll of noise {unknown}
 s - a scroll of enchant weapon II {unknown}
 x - a scroll of remove curse {unknown}
Jewellery
 v - a +2 ring of dexterity (left hand)
Potions
 h - a potion of agility
 n - a potion of invisibility {unknown}
 t - a potion of beneficial mutation {unknown}


   Skills:
 - Level 1.0 Fighting
 + Level 6.7 Bows
 - Level 2.1 Dodging
 - Level 1.0 Stealth


You had 3 spell levels left.
You didn't know any spells.

Dungeon Overview and Level Annotations

Branches:
Dungeon (3/27)

Altars:
Fedhas


Innate Abilities, Weirdness & Mutations

You have a beak for a mouth.
You have claws for feet.


Message History

The orc wizard is severely wounded.
The orc wizard hits you but does no damage.
The orc hits you with an orcish dagger.
* * * LOW HITPOINT WARNING * * *
The orc barely misses you.
The orc wizard points at you and mumbles some strange words.
The magic dart hits you!
* * * LOW HITPOINT WARNING * * *
Drink which item? (? for menu, Esc to quit)
You feel more agile all of a sudden.
It was a potion of agility.
The orc hits you but does no damage. The orc closely misses you.
The orc wizard closely misses you. The orc hits you but does no damage.
The orc completely misses you.
Drink which item? (? for menu, Esc to quit)
You feel more clever all of a sudden.
It was a potion of brilliance.
The orc wizard gestures wildly while chanting.
The orc wizard seems to speed up.
The orc misses you. The orc misses you.
The orc wizard hits you with an orcish dagger.
You die...

#.## #######'####
#..........#
#..........#
#..........#
#..........#
#..........# o(
..>........######..(..
...........##@o.%(((.(
...........'oo###.....
..........#### #
.........# ........#
..##..## # ##.# ..# ##


You could see an orc wizard and 2 orcs.

Vanquished Creatures
  An orc wizard (D:3)
  3 adders
  2 giant geckos
  3 orcs (D:3)
  2 ball pythons (D:2)
  7 hobgoblins
  2 jackals (D:2)
  4 kobolds (D:1)
  2 quokkas
  9 bats
  2 giant cockroaches
  3 giant newts
  9 goblins
  9 rats
58 creatures vanquished.

Notes
Turn   | Place    | Note
--------------------------------------------------------------
     0 | D:1      | JacquesDerrida, the Tengu Hunter, began the quest for the Orb.
     0 | D:1      | Reached XP level 1. HP: 12/12 MP: 0/0
   619 | D:1      | Reached XP level 2. HP: 15/17 MP: 2/2
   797 | D:1      | Reached skill level 5 in Bows
  1416 | D:1      | Reached XP level 3. HP: 21/21 MP: 3/3
  1669 | D:2      | Found a blossoming altar of Fedhas.
  1911 | D:2      | Reached skill level 6 in Bows
  1911 | D:2      | Reached XP level 4. HP: 26/26 MP: 4/4
  2551 | D:3      | Slain by an orc wizard

Action                   |  1- 3 |  4- 6 || total
-------------------------+-------+-------++-------
Melee: Short sword       |   100 |    35 ||   135
 Fire: Bow               |     8 |    12 ||    20
Throw: Javelin           |     6 |       ||     6
  Use: Potion            |       |     2 ||     2
